 Dungeon Crawl Stone Soup version 0.17.1-3-g152610e (webtiles) character file.

162 mopl the Twirler (level 5, -1/38 HPs)
             Began as a Demonspawn Gladiator on Mar 8, 2016.
             Slain by a gnoll
             ... wielding a +0 halberd
              (5 damage)
             ... on level 4 of the Dungeon.
             The game lasted 00:04:26 (2116 turns).

mopl the Twirler (Demonspawn Gladiator)             Turns: 2116, Time: 00:04:26

Health: -1/38      AC: 15    Str: 15    XL:     5   Next: 19%
Magic:  5/5        EV: 10    Int: 10    God:
Gold:   186        SH:  0    Dex: 14    Spells: 0 memorised, 4 levels left

rFire  . . .     SeeInvis .     a - +1 quarterstaff
rCold  . . .     Clarity  .     q - +0 scale mail
rNeg   . . .     SustAt   .     (shield currently unavailable)
rPois  .         Gourm    .     c - +1 helmet
rElec  .         Spirit   .     g - +0 cloak
rCorr  .         Warding  .     (no gloves)
rMut   .         Rnd*Tele +     (no boots)
MR     .....                    (no amulet)
Stlth  ..........               (no ring)
                                t - ring of teleportation (curse)

@: not resistant to hostile enchantments, extremely unstealthy
A: talons 1, iridescent scales 2
a: Evoke Teleportation


You were on level 4 of the Dungeon.
You were not hungry.

You visited 1 branch of the dungeon, and saw 4 of its levels.

You collected 186 gold pieces.

Inventory:

Hand Weapons
 a - a +1 quarterstaff (weapon)
Missiles
 d - 3 throwing nets (quivered)
 h - 10 poisoned needles
 j - 4 tomahawks
Armour
 c - a +1 helmet (worn)
 g - a +0 cloak (worn)
 q - a +0 scale mail (worn)
Jewellery
 t - a cursed ring of teleportation (left hand)
Scrolls
 f - 2 scrolls of identify
 p - a scroll of teleportation
Potions
 i - 3 potions of haste
 l - a potion of brilliance
 m - 2 potions of curing
 o - 2 potions of resistance
Comestibles
 b - 6 chunks of flesh
 e - 3 bread rations
 k - 2 meat rations
 n - a beef jerky


   Skills:
 - Level 2.0 Fighting
 * Level 5.4 Staves
 - Level 1.7 Throwing
 - Level 2.6 Dodging


You had 4 spell levels left.
You didn't know any spells.

Dungeon Overview and Level Annotations

Branches:
Dungeon (4/15)
 Temple: D:4-7

Altars:
Ru

Annotations:
D:3 kaze's ghost, amateur TrBe


Innate Abilities, Weirdness & Mutations

You have sharp toenails.
You are mostly covered in iridescent scales (AC +6).


Message History

The gnoll is lightly wounded.
You are no longer glowing.
The gnoll hits you with a club.
* * * LOW HITPOINT WARNING * * *
You sock the gnoll!
The gnoll is almost dead.
The gnoll misses you.
You sock the gnoll!
You kill the gnoll!
You closely miss the gnoll. Your kick misses the gnoll.
The gnoll hits you but does no damage.
Your scale mail prevents you from hitting the gnoll.
The gnoll hits you with a halberd.
* * * LOW HITPOINT WARNING * * *
You hit the gnoll. You claw the gnoll.
The gnoll is heavily wounded.
You completely miss the gnoll.
The gnoll is heavily wounded.
The gnoll hits you with a halberd.
You die...

.##..g.?........#
...g.gg..g.###
..g.g####...###
..# ##......###
.## ##.........##
..###...........##
#.##..............
#.#g..............
#@#)..............
##g#..............
#.#.g............
#.##.............
##.#..<..........
.##...........#
#####.......###
###....## ######


You could see a gnoll.

Vanquished Creatures
  A gnoll shaman (D:4)
  3 adders
  5 gnolls (D:4)
  4 worms (D:2)
  A giant gecko (D:3)
  3 orcs (D:3)
  6 giant cockroaches
  4 goblins
  2 hobgoblins
  2 quokkas (D:2)
  A ball python (D:1)
  8 bats
  3 giant newts
  3 kobolds
  4 rats
50 creatures vanquished.

Notes
Turn   | Place    | Note
--------------------------------------------------------------
     0 | D:1      | mopl the Demonspawn Gladiator began the quest for the Orb.
     0 | D:1      | Reached XP level 1. HP: 16/16 MP: 1/1
    71 | D:1      | Reached skill level 3 in Staves
   263 | D:1      | Gained mutation: You have sharp toenails. [demonic ancestry]
   263 | D:1      | Reached XP level 2. HP: 22/22 MP: 2/2
   674 | D:2      | Gained mutation: You are partially covered in iridescent scales (AC +4). [demonic ancestry]
   674 | D:2      | Reached XP level 3. HP: 20/27 MP: 3/3
   786 | D:2      | Reached skill level 4 in Staves
   852 | D:3      | Noticed kaze's ghost (amateur TrBe)
  1318 | D:2      | Found a sacrificial altar of Ru.
  1853 | D:3      | Gained mutation: You are mostly covered in iridescent scales (AC +6). [demonic ancestry]
  1853 | D:3      | Reached XP level 4. HP: 33/33 MP: 4/4
  2090 | D:4      | Reached skill level 5 in Staves
  2103 | D:4      | Reached XP level 5. HP: 17/38 MP: 5/5
  2116 | D:4      | Slain by a gnoll

Action                   |  1- 3 |  4- 6 || total
-------------------------+-------+-------++-------
Melee: Quarterstaff      |   109 |    53 ||   162
Throw: Throwing net      |     2 |       ||     2
  Use: Scroll            |    10 |       ||    10
 Stab: Sleeping          |     1 |       ||     1
  Eat: Chunk             |     3 |     1 ||     4
